AoeStats
← DarkFace835823

Yucatan

510320148Analyzed
2v2 RM · 1d ago on Sep 30, 2026· 49m 26s· 4 players
Game mode
Random Map
Map size
Medium (4 player)
Population
200
Speed
Normal
Resources
Standard
Victory
Conquest
Starting age
Dark Age
Ending age
Imperial Age
RankedLock teamsTeams togetherTeam positionsShared explorationLock speedFull tech treeHidden civsTurbo modeCheats
Victory
Defeat
🇫🇷 Mongols · France
769
+13
🇫🇷 Persians · France
746
+14
🇨🇱 Portuguese · Chile
813
-51
🇨🇱 Japanese · Chile
585
-9
D4RKCR3T1
13:27 Feudal Age
14:20 Double-Bit Axe
18:53 Castle Age
17:14 Stone Mining
19:54 Bow Saw
19:55 Horse Collar
22:36 Scale Barding Armor
29:12 Heavy Plow
29:59 Loom
30:51 Wheelbarrow
30:01 Town Watch
35:13 Imperial Age
35:56 Town Patrol
36:12 Hand Cart
36:59 Gold Mining
38:30 Conscription
38:12 Nomads
38:30 Elite Mangudai
39:08 Fletching
39:29 Forging
39:20 Padded Archer Armor
39:42 Chain Barding Armor
40:46 Bodkin Arrow
41:26 Iron Casting
41:30 Gold Shaft Mining
41:31 Stone Shaft Mining
40:20 Onager
42:14 Ballistics
41:50 Murder Holes
42:06 Fortified Wall
44:16 Drill
44:49 Siege Onager
DarkFace835823
14:44 Feudal Age
15:06 Double-Bit Axe
15:10 Horse Collar
19:46 Castle Age
18:42 Man-at-Arms
22:18 Bow Saw
22:28 Heavy Plow
23:51 Stone Mining
35:23 Imperial Age
35:18 Cavalier
38:07 Two-Man Saw
39:12 Onager
40:33 Crop Rotation
41:39 Husbandry
41:49 Bloodlines
41:49 Scale Barding Armor
41:56 Forging
44:13 Wheelbarrow
45:17 Savar
MisterCachimba
1:57 Loom
14:23 Feudal Age
14:44 Man-at-Arms
17:47 Wheelbarrow
17:00 Double-Bit Axe
16:59 Horse Collar
23:41 Castle Age
23:52 Forging
23:42 Scale Mail Armor
24:02 Stone Mining
24:11 Gold Mining
25:21 Gambesons
24:59 Elite Skirmisher
25:53 Crossbowman
27:36 Town Watch
28:41 Bow Saw
30:25 Stone Shaft Mining
30:35 Ballistics
29:56 Treadmill Crane
30:45 Pikeman
32:19 Long Swordsman
35:21 Hand Cart
36:36 Town Patrol
43:13 Imperial Age
41:29 Masonry
41:15 Murder Holes
TERRORKING4140
11:26 Feudal Age
11:56 Double-Bit Axe
12:38 Loom
15:13 Forging
15:21 Loom
15:40 Gold Mining
16:40 Scale Mail Armor
23:41 Castle Age
24:48 Bow Saw
24:21 Horse Collar
24:56 Pikeman
26:37 Wheelbarrow
26:44 Gold Shaft Mining
26:03 Stone Mining
26:32 Squires
30:51 Iron Casting
30:32 Chain Mail Armor
31:03 Elite Skirmisher
33:14 Hand Cart
38:07 Heavy Plow
43:25 Imperial Age
43:42 Fletching
44:47 Halberdier
46:09 Plate Mail Armor
Connection lost

Rejoining the realm…

Still unreachable

The connection could not be restored.

Session expired

The server has moved on; the page needs a fresh start.